 Dungeon Crawl Stone Soup version 0.28.0 (webtiles) character file.

Game seed: 4831915032898929522

690 H0rd4k the Cutter (level 7, -1/52 HPs)
             Began as a Human Artificer on Feb 7, 2022.
             Slain by an orc warrior (11 damage)
             ... on level 8 of the Dungeon on Feb 8, 2022.
             The game lasted 00:06:11 (5050 turns).

H0rd4k the Cutter (Human Artificer)                 Turns: 5050, Time: 00:06:12

Health: -1/52      AC:  3    Str: 14    XL:     7   Next: 95%
Magic:  7/7        EV: 12    Int: 11    God:
Gold:   230        SH:  0    Dex: 14    Spells: 6/6 levels left

rFire   . . .      SeeInvis .   g - +1 short sword (drain)
rCold   . . .      Faith    .   (no shield)
rNeg    . . .      Spirit   .   b - +0 leather armour
rPois   +          Reflect  .   (no helmet)
rElec   .          Harm     .   (no cloak)
rCorr   +          Rampage  .   (no gloves)
Will    .....                   (no boots)
Stlth   +.........              y - amulet of regeneration
HPRegen 0.17/turn               i - ring of resist corrosion
MPRegen 0.10/turn               m - ring of poison resistance

@: no status effects
A: no striking features
a: no special abilities


You were on level 8 of the Dungeon.
You visited 1 branch of the dungeon, and saw 6 of its levels.

You collected 230 gold pieces.

Inventory:

Hand Weapons
 a - a +0 club
 g - a +1 short sword of draining (weapon)
Armour
 b - a +0 leather armour (worn)
Magical Staves
 s - a staff of air
Jewellery
 i - a ring of resist corrosion (left hand)
 m - a ring of poison resistance (right hand)
 r - an amulet of guardian spirit
 y - an amulet of regeneration (around neck)
Wands
 c - a wand of flame (4) (quivered)
 d - a wand of charming (3)
Scrolls
 f - 4 scrolls of identify {unknown}
 h - 2 scrolls of enchant weapon {unknown}
 k - a scroll of enchant armour {unknown}
 l - a scroll of vulnerability {unknown}
 u - a scroll of summoning {unknown}
 w - 2 scrolls of magic mapping {unknown}
Potions
 j - 3 potions of mutation {unknown}
 n - 2 potions of ambrosia {unknown}
 o - a potion of flight {unknown}
 p - 2 potions of curing {unknown}
 q - a potion of might {unknown}
 t - 3 potions of haste {unknown}
 v - a potion of cancellation {unknown}
 x - a potion of lignification {unknown}
Miscellaneous
 e - a piece from Xom's chessboard (15/15)


   Skills:
 + Level 3.5 Fighting
 + Level 5.4 Short Blades
 - Level 2.0 Armour
 + Level 3.2 Dodging
 - Level 1.0 Stealth
 + Level 4.4 Evocations


You had 6 spell levels left.
You didn't know any spells.
Your spell library contained the following spells:

 Spells                   Type           Power      Damage    Failure   Level
 Freeze                   Ice            0%         1d3       41%         1
 Poisonous Vapours        Pois/Air       0%         N/A       54%         2
 Frozen Ramparts          Ice            0%         1d2       78%         3
 Summon Guardian Golem    Hex/Summ       0%         N/A       78%         3
 Hailstorm                Conj/Ice       0%         3d3       99%         4
 Passage of Golubria      Tloc           0%         N/A       99%         4
 Alistair's Intoxication  Tmut/Pois      0%         N/A       100%        5
 Silence                  Hex/Air        0%         N/A       100%        5
 Dragon Form              Tmut           0%         N/A       100%        7
 Orb of Destruction       Conj           0%         9d5       100%        7
 Spellforged Servitor     Conj/Summ      0%         N/A       100%        7
 Lehudib's Crystal Spear  Conj/Erth      0%         10d2      100%        8


Dungeon Overview and Level Annotations

Branches:
Dungeon (5/15)
 Temple: D:4-7

Altars:
Dithmenos
Kikubaaqudgha

Shops:
D:5 (

Annotations:
D:3 Grinder


Message History

Aiming: Charm
Press: ? - help, Shift-Dir - straight line, f - two-headed ogre
Aim: a two-headed ogre, wielding a +0 giant club and a +0 giant spiked club (chance to affect: 42%)
The two-headed ogre resists with some effort.
Unknown command.
The two-headed ogre barely misses you.
The two-headed ogre hits you with a +0 giant spiked club!!
Ouch! That really hurt!
* * * LOW HITPOINT WARNING * * *
Aiming: Charm
Press: ? - help, Shift-Dir - straight line, f/p - two-headed ogre
Aim: a two-headed ogre, wielding a +0 giant club and a +0 giant spiked club (chance to affect: 42%)
The two-headed ogre resists with some effort.
The bullfrog snags a nearby centipede with its tongue.
The bullfrog closely misses you. The two-headed ogre closely misses you.
The two-headed ogre barely misses you.
Aiming: Charm
Press: ? - help, Shift-Dir - straight line, f/p - two-headed ogre
Aim: a two-headed ogre, wielding a +0 giant club and a +0 giant spiked club (chance to affect: 42%)
The bullfrog is charmed.
The two-headed ogre completely misses your bullfrog.
The two-headed ogre barely misses your bullfrog.
You open the door.
The two-headed ogre hits your bullfrog with a +0 giant club!
The two-headed ogre hits your bullfrog with a +0 giant spiked club!!
Your bullfrog dies!
There is an open door here.
You hear the faint creaking of a very distant portcullis.
Found 13 bolts.
The orc warrior shouts!
The orc shouts!
Aiming: Charm
Press: ? - help, Shift-Dir - straight line, f/p - two-headed ogre
Aim: a two-headed ogre, wielding a +0 giant club and a +0 giant spiked club (chance to affect: 42%)
The two-headed ogre resists with some effort.
Aiming: Charm
Press: ? - help, Shift-Dir - straight line, f/p - two-headed ogre
Aim: a two-headed ogre, wielding a +0 giant club and a +0 giant spiked club (chance to affect: 42%)
The two-headed ogre resists with some effort.
The orc warrior hits you with a +0 hand axe!
You die...

#.....# ..#.....##
####.....#
..#......#...#.......+
.'......#...#.......#
##......##'##.......###
#..(...................
#......................
#.....o................
#....o@O.....#'#####...
#............#.....#...
.....####.....#.....#...
.... #..#.....'.....#...
... #..#.....#######...
.. ##'#...............
######....####..........
#....'....#..#..........
#....#....'..#......(...


You could see a two-headed ogre, an orc warrior and an orc.

Vanquished Creatures
  2 sky beasts
  A necrophage (D:4)
  A bullfrog zombie (D:5)
  3 hounds
  2 iguanas (D:5)
  Natasha (D:3)
  A hound skeleton (D:4)
  2 gnolls (D:4)
  5 adders
  2 dart slugs
  9 orcs
  5 ball pythons
  5 endoplasms
  3 giant cockroaches
  6 goblins
  7 hobgoblins
  3 quokkas
  7 bats
  6 frilled lizards
  9 kobolds
  5 rats
85 creatures vanquished.

Vanquished Creatures (collateral kills)
  A wight (D:8)
  A gnoll (D:4)
  An orc (D:8)
3 creatures vanquished.

Vanquished Creatures (others)
  A bullfrog (D:8)
  A wight (D:8)
  A gnoll (D:4)
  A plant (D:3)
4 creatures vanquished.

Grand Total: 92 creatures vanquished

Notes
Turn   | Place    | Note
-------+----------+-------------------------------------------
     0 | D:1      | H0rd4k the Human Artificer began the quest for the Orb.
     0 | D:1      | Reached XP level 1. HP: 15/15 MP: 1/1
   261 | D:1      | Reached XP level 2. HP: 18/21 MP: 2/2
   583 | D:1      | Reached XP level 3. HP: 26/26 MP: 3/3
  1485 | D:2      | Reached skill level 1 in Short Blades
  1487 | D:2      | Reached XP level 4. HP: 32/32 MP: 4/4
  1536 | D:2      | Found a shadowy altar of Dithmenos.
  2084 | D:3      | Noticed Natasha
  2091 | D:3      | Killed Natasha
  2092 | D:3      | Reached skill level 2 in Short Blades
  2114 | D:3      | Reached XP level 5. HP: 31/37 MP: 5/5
  2280 | D:3      | Noticed Grinder
  2784 | D:4      | Got the Disquisition on the Shifting Birds
  2832 | D:4      | Reached skill level 3 in Short Blades
  2953 | D:4      | Reached XP level 6. HP: 12/44 MP: 6/6
  3363 | D:4      | Noticed a necrophage
  3379 | D:4      | Killed a necrophage
  4074 | D:5      | Entered Level 5 of the Dungeon
  4094 | D:5      | Reached skill level 4 in Short Blades
  4160 | D:5      | Reached XP level 7. HP: 48/51 MP: 5/7
  4585 | D:5      | Reached skill level 5 in Short Blades
  4666 | D:5      | Found Widotasips's Weapon Shop.
  4712 | D:5      | Found an ancient bone altar of Kikubaaqudgha.
  4829 | D:5      | You fall into a shaft and drop 3 floors!
  4979 | D:8      | Noticed a two-headed ogre
  5050 | D:8      | Slain by an orc warrior

Illustrated notes

Levels and vault maps discovered:
D:1:      doesnt_arrival_eight_statues, layout_basic, grunt_decor_junction
D:2:      layout_basic, minmay_hexomino_r4
D:3:      layout_rooms, serial_shops, nicolae_lakefront_shop, shop,
          nicolae_shop_overgrown_old_shop, uniq_natasha, uniq_grinder
D:4:      layout_basic
D:5:      layout_rooms, nicolae_kikubaaqudgha_miasma_corner, serial_shops,
          nicolae_shop_bloodbath_and_beyond, nicolae_specific_store
D:8:      layout_gridville, enter_bailey_2, nrook_pool_corridor

Skill      XL: |  1  2  3  4  5  6  7 |
---------------+----------------------+-----
Evocations     | 4 |  4.4
Short Blades   | 1 2 3 4 5 |  5.4
Dodging        | 2 3 |  3.2
Fighting       | 2 3 |  3.5
Armour         | |  2.0
Stealth        | |  1.0

Action                   |  1- 3 |  4- 6 |  7- 9 || total
-------------------------+-------+-------+-------++-------
Melee: Club              |    12 |       |       ||    12
       Short sword       |   111 |   136 |    67 ||   314
       Punch             |     1 |     1 |       ||     2
Evoke: Wand              |     3 |     5 |    15 ||    23
 Stab: Sleeping          |     2 |     1 |       ||     3
Armor: Leather armour    |    50 |    28 |     7 ||    85
Dodge: Dodged            |    98 |    72 |    48 ||   218
